 Dungeon Crawl Stone Soup version 0.29-a0-322-g68df515428 (webtiles) character file.

Game seed: 13496602465545330092

543 dreadwin the Magician (level 7, 0/36 HPs)
             Began as a Deep Elf Necromancer on Apr 7, 2022.
             Succumbed to a scorpion's poison
             ... on level 4 of the Dungeon.
             The game lasted 00:21:54 (4710 turns).

dreadwin the Magician (Deep Elf Necromancer)        Turns: 4710, Time: 00:21:55

Health: 0/36       AC:  2    Str:  5      XL:     7   Next: 6%
Magic:  1/29       EV: 13    Int: 22      God:
Gold:   161        SH:  0    Dex: 14 (15) Spells: 8/21 levels left

rFire   . . .      SeeInvis .   h - +0 dagger
rCold   . . .      Faith    .   (no shield)
rNeg    . . .      Spirit   +   a - +0 robe
rPois   .          Reflect  .   (no helmet)
rElec   .          Harm     .   o - scarf {repulsion}
rCorr   .          Rampage  .   (no gloves)
Will    .....                   (no boots)
Stlth   ++........              p - amulet of guardian spirit
HPRegen 0.12/turn               g - ring of wizardry
MPRegen 0.21/turn               m - ring of magical power

@: lethally poisoned (0 -> -3), repel missiles
A: no striking features
a: no special abilities


You were on level 4 of the Dungeon.
You visited 1 branch of the dungeon, and saw 4 of its levels.

You collected 161 gold pieces.

Inventory:

Hand Weapons
 h - a +0 dagger (weapon)
 q - a +0 hunting sling
Missiles
 c - 183 stones
Armour
 a - a +0 robe (worn)
 o - a scarf of repulsion (worn)
Jewellery
 g - a ring of wizardry (left hand)
 m - a ring of magical power (right hand)
 p - an amulet of guardian spirit (around neck)
 w - an amulet of the acrobat
Wands
 r - a wand of paralysis (3)
 u - a wand of acid (11)
Scrolls
 d - a scroll of blinking {unknown}
 e - a scroll of torment {unknown}
 f - a scroll of fog {unknown}
 i - a scroll of teleportation
 j - a scroll of immolation {unknown}
 k - a scroll of amnesia
 v - a scroll of vulnerability {unknown}
Potions
 b - 3 potions of magic
 n - a potion of curing {unknown}
 s - a potion of attraction {unknown}
 t - a potion of brilliance {unknown}


   Skills:
 + Level 0.2 Fighting
 + Level 2.9 Dodging
 + Level 3.4 Stealth
 + Level 7.6 Spellcasting
 + Level 0.8 Hexes
 + Level 7.3 Necromancy


You had 8 spell levels left.
You knew the following spells:

 Your Spells              Type           Power      Damage    Failure   Level
a - Pain                  Necr           100%       1d9       1%          1
b - Animate Skeleton      Necr           80%        N/A       1%          1
c - Vampiric Draining     Necr           40%        2d8       1%          3
d - Animate Dead          Necr           20%        N/A       1%          4
e - Anguish               Hex/Necr       13%        N/A       6%          4

Your spell library contained the following spells:

 Spells                   Type           Power      Damage    Failure   Level
 Agony                    Necr           40%        N/A       4%          5
 Tukima's Dance           Hex            12%        N/A       7%          3
 Enfeeble                 Hex            6%         N/A       100%        7


Dungeon Overview and Level Annotations

Branches:
Dungeon (4/15)
 Temple: D:4-7

Altars:
Fedhas
Ru


Message History

The scorpion stings you.
You are poisoned.
The scorpion poisons you!
Casting: Vampiric Draining (safe; 1% risk of failure)
Confirm with . or Enter, or press ? or * to list all spells.
You don't have enough magic to cast this spell.
Unknown command.
Casting: Vampiric Draining (safe; 1% risk of failure)
Confirm with . or Enter, or press ? or * to list all spells.
Aiming: Pain (safe; 1% risk of failure)
Press: ? - help, Shift-Dir - straight line, f/p - scorpion
Aim: a scorpion (severely wounded, chance to affect: 83%)
The scorpion writhes in agony.
You feel sick. The scorpion stings you!
You are lethally poisoned!
The scorpion poisons you!
Casting: Pain (safe; 1% risk of failure)
Confirm with . or Enter, or press ? or * to list all spells.
Aiming: Pain (safe; 1% risk of failure)
Press: ? - help, Shift-Dir - straight line, f/p - scorpion
Aim: a scorpion (almost dead, chance to affect: 83%)
The scorpion writhes in agony.
You kill the scorpion!
You feel very sick.
You have reached level 7!
As you read the scroll labelled KUITREOTIM, it crumbles to dust.
You speak a Word of immense power!
It was a scroll of holy word.
You feel very sick.
There is a lethal amount of poison in your body!
There's nothing to open nearby.
* * * LOW HITPOINT WARNING * * *
You feel very sick.
* * * LOW HITPOINT WARNING * * *
You feel sick.
* * * LOW HITPOINT WARNING * * *
You feel sick.
* * * LOW HITPOINT WARNING * * *
You feel sick.
* * * LOW HITPOINT WARNING * * *
You feel sick.
You die...

#.#.#.# #.. #S# #.
#...#.###.########?.. .o..
...#...........†.##.# #.#.#
.#....###.######.#.g.....o
...#.####.# #.##h#.#<#
#......##.# #.#......
#......##.######.##[#.#.#.#
#.<.....[..................
#......##.......@.#.#.#.#.#
#.......#.>#####.#.......
####.##.#..#####..#.#.#.#
#.#.....)..............
#.............##.#.#.#.#
#.#...#.####.##.........
####.......####.###.#.#)#.
...>............... ....
...........####.###


There were no monsters in sight!

Vanquished Creatures
  2 scorpions
  A hound (D:4)
  An iguana (D:4)
  5 adders (D:2)
  A white imp (D:2)
  2 worms (D:2)
  3 dart slugs (D:1)
  8 ball pythons
  4 endoplasms
  2 giant cockroaches
  4 goblins
  7 hobgoblins
  7 jackals
  7 quokkas
  2 bats (D:3)
  3 frilled lizards
  5 kobolds
  23 rats
87 creatures vanquished.

Vanquished Creatures (collateral kills)
  A quokka (D:1)
  A kobold (D:2)
  A rat (D:1)
3 creatures vanquished.

Vanquished Creatures (others)
  A steam dragon (D:4)
  An orc warrior (D:4)
  4 plants (D:1)
6 creatures vanquished.

Grand Total: 96 creatures vanquished

Notes
Turn   | Place    | Note
-------+----------+-------------------------------------------
     0 | D:1      | dreadwin the Deep Elf Necromancer began the quest for the
                  | Orb.
     0 | D:1      | Reached XP level 1. HP: 10/10 MP: 6/6
    61 | D:1      | Reached skill level 5 in Necromancy
   265 | D:1      | Learned a level 1 spell: Animate Skeleton
   466 | D:1      | Reached XP level 2. HP: 14/15 MP: 8/8
  1379 | D:1      | Reached XP level 3. HP: 17/19 MP: 7/10
  1383 | D:1      | Learned a level 3 spell: Vampiric Draining
  1783 | D:2      | Reached XP level 4. HP: 24/24 MP: 12/12
  1790 | D:2      | Learned a level 4 spell: Animate Dead
  1824 | D:2      | Found a faded altar of an unknown god.
  1827 | D:2      | Reached skill level 5 in Spellcasting
  3449 | D:3      | Found a blossoming altar of Fedhas.
  3449 | D:3      | Found a sacrificial altar of Ru.
  3488 | D:3      | Noticed a scorpion
  3496 | D:3      | Killed a scorpion
  3497 | D:3      | Reached XP level 5. HP: 25/28 MP: 15/15
  3502 | D:3      | Learned a level 4 spell: Anguish
  4108 | D:4      | Noticed a steam dragon
  4123 | D:4      | Killed a steam dragon
  4124 | D:4      | Reached XP level 6. HP: 22/32 MP: 12/17
  4371 | D:4      | Noticed an orc warrior
  4382 | D:4      | Killed an orc warrior
  4672 | D:4      | Noticed an orc warrior
  4704 | D:4      | Reached XP level 7. HP: 13/36 MP: 0/20
  4709 | D:4      | HP: 1/36 [poisoned by a scorpion]
  4710 | D:4      | Succumbed to a scorpion's poison

Illustrated notes

Levels and vault maps discovered:
D:1:      dpeg_arrival_rhombi, layout_loops_ring, serial_bayou,
          serial_bayou_shore_a, serial_bayou_ford_a, serial_bayou_lake_a,
          serial_bayou_pond_d
D:2:      layout_loops_cross, shapermc_ecumenical_altar_starsandcircs,
          minmay_rat_hole
D:3:      layout_loops_ring, gammafunk_temple_overflow_statue
D:4:      layout_loops_ring, lemuel_coloured_pillars_altar,
          cheibrodos_ashenzari_chains, minmay_temple_entry_poolview,
          serial_shops, nicolae_diamond_shop, nrook_loot_triangle, st_stairs_11

Skill      XL: |  1  2  3  4  5  6 |
---------------+-------------------+-----
Necromancy     | 5 6 7 |  7.3
Spellcasting   | 4 5 6 7 |  7.6
Stealth        | 3 |  3.4
Fighting       | |  0.2
Dodging        | |  2.9
Hexes          | |  0.8

Action                   |  1- 3 |  4- 6 |  7- 9 || total
-------------------------+-------+-------+-------++-------
Melee: Unarmed           |     1 |       |       ||     1
       Dagger            |     2 |     9 |       ||    11
 Cast: Pain              |    45 |    99 |       ||   144
       Animate Skeleton  |     8 |     5 |       ||    13
       Vampiric Draining |     4 |    15 |       ||    19
       Animate Dead      |       |     2 |       ||     2
       Anguish           |       |     3 |       ||     3
Evoke: Wand              |       |     2 |       ||     2
  Use: Scroll            |     1 |     2 |     1 ||     4
       Potion            |     1 |     1 |       ||     2
 Stab: Paralysed         |       |     1 |       ||     1
Armor: Robe              |     4 |    12 |       ||    16
Dodge: Dodged            |    23 |    37 |       ||    60
       Repelled          |       |     1 |       ||     1

Table legend: (Time is in decaauts)
 A = Elapsed time spent in this place.
 B = Non-inter-level travel time spent in this place.
 C = Inter-level travel time spent in this place.
 D = Time resting spent in this place.
 E = Time spent auto-exploring this place.
 F = Levels seen in this place.
 G = Mean time per level.
                   A        B        C        D        E       F      G
               +--------+--------+--------+--------+--------+-----+--------+
         Total |   4764 |   4692 |     72 |      0 |   3462 |   4 | 1191.0 |
       Dungeon |   4764 |   4692 |     72 |      0 |   3462 |   4 | 1191.0 |
               +--------+--------+--------+--------+--------+-----+--------+

Top non-repeatable levels by time:
     D:1: 1741 daAuts
     D:2: 1396 daAuts
     D:3: 996 daAuts
     D:4: 630 daAuts
